 Dungeon Crawl Stone Soup version 0.28.0-45-g0d030f2227 (webtiles) character file.

Game seed: 5990233145144246104

197 pkoi the Ducker (level 5, 0/44 HPs)
             Began as a Demigod Wanderer on Apr 8, 2022.
             Slain by Blork the orc
             ... wielding a +1 glaive of venom
              (8 damage)
             ... on level 4 of the Dungeon.
             The game lasted 00:05:21 (2670 turns).

pkoi the Ducker (Demigod Wanderer)                  Turns: 2670, Time: 00:05:22

Health: 0/44       AC:  6    Str: 11    XL:     5   Next: 22%
Magic:  0/10       EV: 13    Int: 16    God:
Gold:   115        SH:  0    Dex: 17    Spells: 6/7 levels left

rFire   . . .      SeeInvis .   a - +1 hand axe (freeze)
rCold   . . .      Faith    .   (no shield)
rNeg    . . .      Spirit   +   b - +2 leather armour
rPois   .          Reflect  .   (no helmet)
rElec   .          Harm     .   d - +0 cloak
rCorr   .          Rampage  .   (no gloves)
Will    .....                   (no boots)
Stlth   ++........              g - amulet of guardian spirit
HPRegen 0.14/turn               (no ring)
MPRegen 0.12/turn               (no ring)

@: no status effects
A: high MP 1, forlorn, divine attributes
a: no special abilities


You were on level 4 of the Dungeon.
You visited 1 branch of the dungeon, and saw 4 of its levels.

You collected 115 gold pieces.

Inventory:

Hand Weapons
 a - a +1 hand axe of freezing (weapon)
Armour
 b - a +2 leather armour (worn)
 d - a +0 cloak (worn)
Jewellery
 g - an amulet of guardian spirit (around neck)
Scrolls
 f - 2 scrolls of identify
Potions
 c - a potion of curing
 e - a potion of flight
 h - a potion of mutation {unknown}
 i - a potion of cancellation {unknown}
 j - a potion of haste {unknown}


   Skills:
 + Level 2.9 Fighting
 - Level 1.5 Axes
 - Level 1.5 Throwing
 + Level 3.7 Dodging
 - Level 3.0 Stealth
 + Level 1.5 Spellcasting
 + Level 1.8 Conjurations


You had 6 spell levels left.
You knew the following spells:

 Your Spells              Type           Power      Damage    Failure   Level
a - Magic Dart            Conj           28%        1d4       14%         1

Your spell library contained the following spells:

 Spells                   Type           Power      Damage    Failure   Level
 Call Imp                 Summ           1%         N/A       41%         2
 Mephitic Cloud           Conj/Pois/Air  3%         N/A       56%         3


Dungeon Overview and Level Annotations

Branches:
Dungeon (4/15)
 Temple: D:4-7

Shops:
D:1 [   D:2 **?=*   D:3 (

Annotations:
D:4 Blork the orc


Innate Abilities, Weirdness & Mutations

You have an increased reservoir of magic. (+10% MP)
You shall have no god before yourself.
Your divine heritage dramatically boosts your attributes as you level up.


Message History

You feel sick. Blork the orc closely misses you.
Blork the orc looks braver for a moment.
Unknown command.
You hit Blork the orc. You freeze Blork the orc.
Blork the orc is almost dead.
You feel sick.
Blork the orc drinks a potion.
Blork the orc is healed!
Blork the orc misses you.
Unknown command.
You hit Blork the orc. You freeze Blork the orc.
Blork the orc is heavily wounded.
You feel sick.
Blork the orc hits you with a +1 glaive of venom!
* * * LOW HITPOINT WARNING * * *
You are lethally poisoned!
Blork the orc barely misses you.
You barely miss Blork the orc.
Blork the orc is heavily wounded.
* * * LOW HITPOINT WARNING * * *
You feel very sick.
Blork the orc screams, "I'll decorate my home with your organs!"
Blork the orc looks satisfied for a moment.
Unknown command.
You hit Blork the orc but do no damage.
Blork the orc is heavily wounded.
* * * LOW HITPOINT WARNING * * *
You feel very sick. Blork the orc closely misses you. x2
Unknown command.
Unknown command.
You feel better. Blork the orc misses you.
Blork the orc points at you and mumbles some strange words.
The puff of frost hits you.
* * * LOW HITPOINT WARNING * * *
You closely miss Blork the orc.
Blork the orc is heavily wounded.
Blork the orc barely misses you.
You hit Blork the orc but do no damage.
Blork the orc is heavily wounded.
Blork the orc hits you with a +1 glaive of venom!
You die...

#######
#.....#
#.<...#
#.....#
#.....#
#.@...#
###o..# #
##.###.#
.###. ##o##
#.#
.....##Z##
#..
###....#
..(
.#......##
##
.........#
##.#.##.#.#


You could see Blork the orc (fast).

Vanquished Creatures
  A phantom (D:3)
  A hound (D:4)
  Jessica (D:3)
  2 adders
  4 dart slugs
  2 endoplasms
  3 giant cockroaches
  5 goblins
  2 hobgoblins
  5 kobolds
  3 quokkas
  A ball python (D:3)
  4 bats
  4 frilled lizards
  4 rats
42 creatures vanquished.

Vanquished Creatures (others)
  5 plants (D:2)
5 creatures vanquished.

Grand Total: 47 creatures vanquished

Notes
Turn   | Place    | Note
-------+----------+-------------------------------------------
     0 | D:1      | pkoi the Demigod Wanderer began the quest for the Orb.
     0 | D:1      | pkoi set off with the following items: a +0 hand axe, a +2
                  | leather armour, a potion of curing
     0 | D:1      | Reached XP level 1. HP: 17/17 MP: 3/3
   385 | D:1      | Reached XP level 2. HP: 20/24 MP: 4/4
   432 | D:1      | Learned a level 1 spell: Magic Dart
   446 | D:1      | Found Geqi's Antique Armour Shoppe.
   774 | D:2      | Found Qoav's Magic Scroll Shop.
   818 | D:2      | Found Qewofiuce's General Store.
   943 | D:2      | Found Ajekir's Jewellery Shop.
   958 | D:2      | Found Oraseo's General Store.
   965 | D:2      | Reached XP level 3. HP: 28/29 MP: 5/5
  1206 | D:2      | Found Buprit's Assorted Antiques.
  1286 | D:3      | Found Bigeg's Weapon Shop.
  1296 | D:3      | Noticed Jessica
  1309 | D:3      | Killed Jessica
  1310 | D:3      | Reached skill level 1 in Conjurations
  1937 | D:3      | Reached XP level 4. HP: 34/37 MP: 5/7
  1987 | D:3      | Reached skill level 1 in Spellcasting
  2067 | D:3      | Noticed a phantom
  2101 | D:3      | HP: 1/37 [phantom (2)]
  2102 | D:3      | Killed a phantom
  2103 | D:3      | Reached XP level 5. HP: 2/44 MP: 0/9
  2645 | D:4      | Noticed Blork the orc
  2670 | D:4      | Slain by Blork the orc

Illustrated notes

Levels and vault maps discovered:
D:1:      minmay_arrival_five_plusses, layout_rooms, serial_shops,
          nicolae_shop_crystal, chequers_ecumenical_altar_simple_redux
D:2:      layout_basic, serial_forest, infiniplex_forest_clump_C,
          infiniplex_forest_end_1, infiniplex_forest_zigzag_1,
          infiniplex_forest_corner_1, infiniplex_forest_straight_2,
          infiniplex_forest_clump_curved, infiniplex_forest_lined_2,
          infiniplex_forest_lined_room_2, serial_shops, nicolae_lakefront_shop,
          nicolae_shop_statue_plus, nicolae_shop_competitors_out_of_business,
          shop, nicolae_shop_statue_plus
D:3:      layout_rooms, serial_shops, shop, hangedman_glass_teeth,
          chequers_hall_statues_y, minmay_misc_feat_enclosed, uniq_jessica
D:4:      layout_loops_cross, minmay_temple_entry_statues_pillars,
          uniq_blork_the_orc

Skill      XL: |  1  2  3  4  5 |
---------------+----------------+-----
Fighting       | 2 |  2.9
Stealth        | 2 3 |  3.0
Conjurations   | 1 |  1.8
Spellcasting   | 1 |  1.5
Axes           | |  1.5
Throwing       | |  1.5
Dodging        | |  3.7

Action                   |  1- 3 |  4- 6 || total
-------------------------+-------+-------++-------
Melee: Hand axe          |   121 |    54 ||   175
       Punch             |     1 |     1 ||     2
 Cast: Magic Dart        |     1 |     2 ||     3
  Use: Scroll            |     6 |     1 ||     7
       Potion            |       |     1 ||     1
 Stab: Sleeping          |     4 |       ||     4
Armor: Leather armour    |    36 |    15 ||    51
Dodge: Dodged            |    83 |    46 ||   129
